 Dungeon Crawl Stone Soup version 0.31.0-11-ge490571c62 (webtiles) character file.

Game seed: 1193982347389325411

123 Ekaitz the Apothecary (level 5, -8/32 HPs)
             Began as an Octopode Alchemist on Feb 3, 2024.
             Splashed by a jelly's acid (10 damage)
             ... on level 3 of the Dungeon.
             The game lasted 00:04:26 (1812 turns).

Ekaitz the Apothecary (Octopode Alchemist)          Turns: 1812, Time: 00:04:27

Health: -8/32      AC: -3    Str:  8    XL:     5   Next: 7%
Magic:  2/8        EV: 14    Int: 19    God:
Gold:   187        SH:  0    Dex: 18    Spells: 2/8 levels left

rFire   . . .        f - +2 dagger (speed)
rCold   . . .        (no shield)
rNeg    . . .        (helmet restricted)
rPois   .            (no amulet)
rElec   .            e - +6 ring of dexterity
rCorr   .            (no ring)
SInv    .            (no ring)
Will    .....        (no ring)
Stlth   ++++         (no ring)
HPRegen 0.25/turn    (no ring)
MPRegen 0.11/turn    (no ring)
                     (no ring)

%: no passive effects
@: corroded
A: almost no armour, amphibious, 8 rings, camouflage 1, gelatinous body 1,
(nimble swimmer 1), tentacles
a: no special abilities


You were on level 3 of the Dungeon.
You visited 1 branch of the dungeon, and saw 3 of its levels.

You collected 187 gold pieces.

Inventory:

Hand Weapons
 f - a +2 dagger of speed (weapon)
Missiles
 g - 3 atropa-tipped darts
 i - 7 poisoned darts
Armour
 h - the scarf of Kynuatafuts {shadows, Regen+ rCorr}
   (You found it on level 2 of the Dungeon)

   Regen+:    It increases your rate of health regeneration.
   rCorr:     It protects you from acid and corrosion.
Jewellery
 e - a +6 ring of dexterity (left tentacle)
Scrolls
 d - 2 scrolls of teleportation {unknown}
 l - a scroll of blinking {unknown}
 m - a scroll of torment {unknown}
Potions
 a - 2 potions of magic
 b - a potion of resistance {unknown}
 c - a potion of lignification {unknown}
 j - 3 potions of curing {unknown}
 k - a potion of invisibility {unknown}


   Skills:
 * Level 0.9 Fighting
 + Level 0.7 Short Blades
 * Level 2.6 Dodging
 + Level 3.7 Stealth
 + Level 2.2 Spellcasting
 * Level 1.9 Conjurations
 * Level 1.1 Air Magic
 * Level 4.2 Alchemy


You had 2 spell levels left.
You knew the following spells:

 Your Spells              Type           Power      Damage    Failure   Level
a - Sting                 Conj/Alch      52%        1d6       4%          1
b - Mercury Vapours       Alch/Air       24%        N/A       9%          2
c - Mephitic Cloud        Conj/Alch/Air  11%        N/A       19%         3

Your spell library contained the following spells:

 Spells                   Type           Power      Damage    Failure   Level
 Momentum Strike          Conj/Tloc      10%        3d8       17%         2
 Blink                    Tloc           4%         N/A       26%         2
 Lesser Beckoning         Tloc           4%         N/A       26%         2
 Olgreb's Toxic Radiance  Alch           18%        N/A       28%         4
 Sticky Flame             Fire/Alch      10%        2d5       56%         4


Dungeon Overview and Level Annotations

Branches:
Dungeon (3/15)

Altars:
Ashenzari
Dithmenos
Makhleb
Nemelex Xobeh
Ru
Vehumet
The Shining One

Annotations:
D:1 1 runed translucent door


Innate Abilities, Weirdness & Mutations

You cannot wear most types of armour.
You are amphibious.
You can wear up to eight rings at the same time.
Your skin changes colour to match your surroundings (Stealth+).
Your rubbery body absorbs attacks. (AC +1, EV +1)
((You are camouflaged when in or above water. (Stealth+)))
You have tentacles for arms and can constrict up to eight enemies at once.


Message History

You feel stronger.
Casting: Sting (safe; 4% risk of failure)
Confirm with . or Enter, or press ? or * to list all spells.
Aiming: Sting (safe; 4% risk of failure)
Press: ? - help, Shift-Dir - straight line, f/p - jelly
Aim: a jelly (100% to hit)
The sting hits the jelly.
The jelly partially resists.
The jelly is lightly wounded.
Unknown command.
Casting: Sting (safe; 4% risk of failure)
Confirm with . or Enter, or press ? or * to list all spells.
Aiming: Sting (safe; 4% risk of failure)
Press: ? - help, Shift-Dir - straight line, f/p - jelly
Aim: a jelly (lightly wounded, 100% to hit)
The sting hits the jelly.
The jelly partially resists.
The jelly is moderately wounded.
The jelly hits you but does no damage.
Unknown command.
Casting: Sting (safe; 4% risk of failure)
Confirm with . or Enter, or press ? or * to list all spells.
Aiming: Sting (safe; 4% risk of failure)
Press: ? - help, Shift-Dir - straight line, f/p - jelly
Aim: a jelly (moderately wounded, 100% to hit)
The sting hits the jelly.
The jelly partially resists.
The jelly is moderately wounded.
The jelly closely misses you.
Unknown command.
Casting: Sting (safe; 4% risk of failure)
Confirm with . or Enter, or press ? or * to list all spells.
Aiming: Sting (safe; 4% risk of failure)
Press: ? - help, Shift-Dir - straight line, f/p - jelly
Aim: a jelly (moderately wounded, 100% to hit)
The sting hits the jelly.
The jelly partially resists.
The jelly is poisoned.
The jelly is heavily wounded.
The jelly hits you. The acid corrodes you!
You are splashed with acid!
* * * LOW HITPOINT WARNING * * *
The jelly attacks as it pursues you! The jelly hits you.
* * * LOW HITPOINT WARNING * * *
You are splashed with acid!
You die...

##########
[.._...P.#
.PJ....÷.#
.÷J.._J..#
..._._÷J.#
÷.J_JJ.JJ#
.....J.J.#
#######J#
##@J.JJJ##
#.########
##..'....#
#######....#
#.##.......#
#.##)......# .#
####.##.......#
#.#
#....##.......#
#.#
##.##.###.))..##


You could see 2 jellies and 3 endoplasms.

Vanquished Creatures
  A jelly (D:3)
  3 adders (D:2)
  4 dart slugs
  2 ribbon worms
  4 ball pythons
  5 bats
  4 endoplasms
  4 giant cockroaches
  5 goblins
  3 hobgoblins
  A quokka (D:1)
  6 frilled lizards
  12 kobolds
  2 rats
56 creatures vanquished.

Notes
Turn   | Place    | Note
-------+----------+-------------------------------------------
     0 | D:1      | Ekaitz the Octopode Alchemist began the quest for the Orb.
     0 | D:1      | Reached XP level 1. HP: 11/11 MP: 3/3
     0 | D:1      | Noticed a jelly
     1 | D:1      | Found a runed translucent door.
   282 | D:1      | Reached XP level 2. HP: 17/17 MP: 5/5
   285 | D:1      | Learned a level 2 spell: Mercury Vapours
   551 | D:1      | Reached XP level 3. HP: 13/21 MP: 1/6
   674 | D:1      | Reached skill level 4 in Alchemy
   773 | D:2      | Found a faded altar of an unknown god.
   967 | D:2      | Found a sparkling altar of Nemelex Xobeh.
   978 | D:2      | Identified the scarf of Kynuatafuts {shadows, Regen+ rCorr}
  1255 | D:2      | Reached XP level 4. HP: 27/27 MP: 7/7
  1259 | D:2      | Learned a level 3 spell: Mephitic Cloud
  1798 | D:3      | Found a burning altar of Makhleb.
  1798 | D:3      | Found a shadowy altar of Dithmenos.
  1798 | D:3      | Found a glowing golden altar of the Shining One.
  1798 | D:3      | Found a radiant altar of Vehumet.
  1798 | D:3      | Found a broken altar of Ashenzari.
  1798 | D:3      | Found a sacrificial altar of Ru.
  1805 | D:3      | Reached skill level 1 in Air Magic
  1805 | D:3      | Reached XP level 5. HP: 12/32 MP: 5/8
  1812 | D:3      | Splashed by a jelly's acid

Illustrated notes

Levels and vault maps discovered:
D:1:      dpeg_arrival_caged_fury, layout_basic
D:2:      minmay_door_path, layout_loops_ring, nicolae_ecumenical_pavilion,
          basic_altar
D:3:      cheibrodos_fertilizer, layout_rooms, nicolae_sif_muna_little_library,
          chequers_serial_rivers_micro_e, guppyfry_early_orc_mine, uniq_pargi

Skill      XL: |  1  2  3  4 |
---------------+-------------+-----
Stealth        | 3 |  3.7
Alchemy        | 4 |  4.2
Air Magic      | 1 |  1.1
Fighting       | |  0.9
Short Blades   | |  0.7
Dodging        | |  2.6
Spellcasting   | |  2.2
Conjurations   | |  1.9

Action                     |  1- 3 |  4- 6 || total
---------------------------+-------+-------++-------
  Melee: Short sword       |    22 |       ||    22
         Constrict         |    14 |     4 ||    18
         Tentacles         |    12 |     5 ||    17
         Dagger            |    28 |    20 ||    48
   Cast: Sting             |    11 |     9 ||    20
         Mercury Vapours   |     4 |     3 ||     7
   Stab: Sleeping          |    11 |     7 ||    18
 Armour: Skin              |    18 |     8 ||    26
  Dodge: Dodged            |    28 |     7 ||    35
